 Dungeon Crawl Stone Soup version 0.28.0-45-g0d030f2227 (webtiles) character file.

Game seed: 17452363199600816226

12824 funkygono the Thaumaturge (level 11, -1/57 HPs)
             Began as a Gargoyle Fire Elementalist on May 2, 2022.
             Was an Initiate of Vehumet.
             Slain by a boulder beetle (21 damage)
             ... on level 12 of the Dungeon.
             The game lasted 00:25:53 (14176 turns).

funkygono the Thaumaturge (GrFE)                   Turns: 14176, Time: 00:25:54

Health: -1/57      AC: 28    Str: 12    XL:     11   Next: 99%
Magic:  14/26      EV: 11    Int: 20    God:    Vehumet [......]
Gold:   664        SH:  0    Dex: 10    Spells: 21/32 levels left

rFire   + . .      SeeInvis .   r - +6 mace (freeze)
rCold   . . .      Faith    .   (no shield)
rNeg    + . .      Spirit   .   J - +2 leather armour {rC+}
rPois   ∞          Reflect  .   t - +2 helmet
rElec   +          Harm     .   d - +2 cloak
rCorr   .          Rampage  .   F - +0 pair of gloves
Will    .....                   q - +2 pair of boots {Fly}
Stlth   ++........              (no amulet)
HPRegen 0.19/turn               l - +4 ring of protection
MPRegen 0.20/turn               w - ring of fire

@: flying
A: sickness immunity, AC +8, negative energy resistance 1, electricity
resistance, torment resistance 1, petrification resistance
a: Renounce Religion


You were on level 12 of the Dungeon.
You worshipped Vehumet.
Vehumet was noncommittal.
You visited 2 branches of the dungeon, and saw 13 of its levels.

You collected 714 gold pieces.
You spent 50 gold pieces at shops.

Inventory:

Hand Weapons
 c - a +0 club
 m - a +1 whip of electrocution
 r - a +6 mace of freezing (weapon)
 B - a +2 quarterstaff of chaos
 C - a +4 whip of freezing
Missiles
 g - 376 stones
 p - 5 throwing nets
Armour
 a - a +0 robe
 d - a +2 cloak (worn)
 q - a +2 pair of boots of flying (worn)
 s - an orb of energy
 t - a +2 helmet (worn)
 F - a +0 pair of gloves (worn)
 J - a +2 leather armour of cold resistance (worn)
 O - an orb of guile
 P - a +2 leather armour of positive energy
Magical Staves
 k - a staff of poison
 H - a staff of earth
 I - a staff of fire
Jewellery
 f - a ring of see invisible
 i - a ring of protection from fire
 l - a +4 ring of protection (left hand)
 o - a ring of wizardry
 w - a ring of fire (right hand)
 E - a ring of flight
 K - an amulet of faith
 N - a +6 ring of strength
Wands
 u - a wand of iceblast (7)
 v - a wand of flame (13)
 z - a wand of paralysis (18)
 A - a wand of digging (6)
Scrolls
 n - 2 scrolls of fear
 y - 2 scrolls of fog
 D - 5 scrolls of teleportation
 Q - 2 scrolls of identify
 R - a scroll of magic mapping
Potions
 b - 2 potions of haste
 e - 3 potions of mutation
 h - 2 potions of brilliance
 j - 3 potions of lignification
 x - 6 potions of curing
 G - a potion of invisibility
 L - 2 potions of heal wounds
 M - a potion of attraction


   Skills:
 + Level 1.6 Fighting
 + Level 1.9 Maces & Flails
 + Level 3.9 Armour
 + Level 2.6 Dodging
 - Level 2.1 Stealth
 + Level 11.1 Spellcasting
 + Level 9.2 Conjurations
 + Level 10.9 Fire Magic
 + Level 3.6 Earth Magic


You had 21 spell levels left.
You knew the following spells:

 Your Spells              Type           Power      Damage    Failure   Level
a - Foxfire               Conj/Fire      100%       2x1d9     1%          1
b - Scorch                Fire           100%       2d10      1%          2
c - Flame Wave            Conj/Fire      67%        2d12      1%          4
d - Stone Arrow           Conj/Erth      72%        3d11      1%          3
e - Sting                 Tmut/Pois      44%        1d5       8%          1

Your spell library contained the following spells:

 Spells                   Type           Power      Damage    Failure   Level
 Sandblast                Erth           50%        2d12      1%          1
 Conjure Flame            Conj/Fire      67%        6-21      1%          3
 Inner Flame              Hex/Fire       49%        N/A       2%          3
 Passwall                 Tmut/Erth      15%        N/A       5%          2
 Beastly Appendage        Tmut           22%        N/A       8%          1
 Freeze                   Ice            44%        1d6       8%          1
 Pain                     Necr           44%        1d6       8%          1
 Ensorcelled Hibernation  Hex/Ice        22%        N/A       12%         2
 Poisonous Vapours        Pois/Air       22%        N/A       12%         2
 Wereblood                Tmut           11%        N/A       12%         2
 Hailstorm                Conj/Ice       29%        3d8       12%         4
 Frozen Ramparts          Ice            22%        1d4       24%         3
 Spider Form              Tmut/Pois      11%        N/A       24%         3
 Swiftness                Air            11%        N/A       24%         3
 Olgreb's Toxic Radiance  Pois           11%        N/A       61%         4
 Agony                    Necr           11%        N/A       91%         5
 Excruciating Wounds      Necr           5%         N/A       91%         5
 Summon Forest            Summ/Tloc      5%         N/A       91%         5
 Summon Mana Viper        Hex/Summ       11%        N/A       91%         5
 Summon Cactus Giant      Summ           5%         N/A       100%        6


Dungeon Overview and Level Annotations

Branches:
Dungeon (12/15)            Temple (1/1) D:4            Lair (0/6) D:8
    Orc (0/2) D:12

Altars:
Ashenzari
Cheibriados
Dithmenos
Elyvilon
Fedhas
Gozag
Hepliaklqana
Kikubaaqudgha
Makhleb
Nemelex Xobeh
Okawaru
Qazlal
Ru
Sif Muna
Trog
Uskayaw
Vehumet
Wu Jian
Xom
Yredelemnul
Zin
The Shining One

Shops:
D:2 !   D:4 (   D:9 (   D:11 [


Innate Abilities, Weirdness & Mutations

You are immune to sickness and miasma.
Your stone body is resilient. (AC +8)
You are immune to poison.
You resist negative energy. (rN+)
You are resistant to electric shocks. (rElec)
You are resistant to unholy torment.
You are immune to petrification.


Message History

The sting hits the boulder beetle but does no damage.
The boulder beetle looks as sick as possible!
The boulder beetle is lightly wounded.
The boulder beetle bites you!!
Casting: Sting (safe; 8% risk of failure)
Confirm with . or Enter, or press ? or * to list all spells.
You feel a surge of power!
Flames lash the boulder beetle but do no damage.
The boulder beetle bites you but does no damage.
Unknown command.
Casting: Scorch (safe; 1% risk of failure)
Confirm with . or Enter, or press ? or * to list all spells.
You feel a surge of power!
Flames lash the boulder beetle but do no damage.
The boulder beetle closely misses you.
Unknown command.
Casting: Scorch (safe; 1% risk of failure)
Confirm with . or Enter, or press ? or * to list all spells.
Aiming: Sting (safe; 8% risk of failure)
Press: ? - help, Shift-Dir - straight line, f/p - boulder beetle
Aim: a boulder beetle (heavily wounded, extremely poisoned, 100% to hit)
The sting hits the boulder beetle but does no damage.
The boulder beetle looks as sick as possible!
The boulder beetle is heavily wounded.
The boulder beetle barely misses you.
Casting: Sting (safe; 8% risk of failure)
Confirm with . or Enter, or press ? or * to list all spells.
You feel a surge of power!
Flames lash the boulder beetle.
The boulder beetle is heavily wounded.
The boulder beetle's fire resistance burns away.
The boulder beetle bites you.
Unknown command.
Unknown command.
Casting: Scorch (safe; 1% risk of failure)
Confirm with . or Enter, or press ? or * to list all spells.
You feel a surge of power!
Flames lash the boulder beetle.
The boulder beetle is burned terribly!
The boulder beetle is almost dead.
The boulder beetle bites you!!
You die...

##.#
#..# .
#.## #.
#.# #..
#.# #..
#.# #..
##.#
#..#..#
#.B@##
#####


You could see a boulder beetle (extremely poisoned, combustible).

Vanquished Creatures
  Harold (D:9)
  4 two-headed ogres
  Sonja (D:11)
  Urug (D:11)
  Pikel (D:7)
  A cyclops (D:11)
  A centaur zombie (D:11)
  A troll (D:11)
  Prince Ribbit (D:9)
  3 shadows
  6 yaks (D:12)
  2 wyverns (D:9)
  5 vampire mosquitoes (D:11)
  5 wargs
  An acid dragon (D:11)
  2 water moccasins
  2 ice beasts
  A hornet zombie (D:7)
  2 sky beasts
  3 orc warriors
  2 black bears
  A necrophage (D:4)
  2 phantoms
  A lemure (D:7)
  3 centaurs
  A kobold brigand (D:9)
  5 bullfrogs
  4 scorpions
  3 killer bees (D:5)
  2 oklob saplings (D:9)
  10 wights (D:9)
  2 howler monkeys
  A bullfrog zombie (D:6)
  Crazy Yiuf (D:6)
  5 jellies
  2 hounds (D:5)
  6 orc priests
  2 bullfrog skeletons
  3 gnoll shamans
  4 iguanas
  8 orc wizards
  A hound zombie (D:5)
  A howler monkey skeleton (D:4)
  23 gnolls
  10 adders
  A shadow imp (D:4)
  A white imp (D:7)
  3 dart slugs
  25 orcs
  12 ball pythons
  6 endoplasms
  4 giant cockroaches
  8 goblins
  4 hobgoblins
  9 jackals
  3 quokkas
  6 bats
  5 frilled lizards
  7 kobolds
  6 rats
  A bush (D:9)
248 creatures vanquished.

Vanquished Creatures (others)
  910 foxfires
  10 plants
920 creatures vanquished.

Grand Total: 1168 creatures vanquished

Notes
Turn   | Place    | Note
-------+----------+-------------------------------------------
     0 | D:1      | funkygono the Gargoyle Fire Elementalist began the quest
                  | for the Orb.
     0 | D:1      | Reached XP level 1. HP: 10/10 MP: 3/3
   134 | D:1      | Reached XP level 2. HP: 15/15 MP: 1/5
   204 | D:1      | Learned a level 2 spell: Scorch
   892 | D:1      | Reached XP level 3. HP: 19/19 MP: 2/6
  1407 | D:2      | You fall into a shaft and drop 1 floor!
  1407 | D:3      | Found a burning altar of Makhleb.
  1937 | D:2      | Reached XP level 4. HP: 24/24 MP: 5/8
  1995 | D:2      | Found Saenifih's Distillery.
  2004 | D:2      | Bought a potion of heal wounds for 50 gold pieces
  2468 | D:3      | Reached skill level 3 in Spellcasting
  2692 | D:3      | Reached XP level 5. HP: 28/28 MP: 6/9
  2697 | D:3      | Learned a level 4 spell: Flame Wave
  2703 | D:3      | Learned a level 3 spell: Stone Arrow
  2888 | D:3      | Found a faded altar of an unknown god.
  2998 | D:4      | Noticed a necrophage
  3002 | D:4      | Killed a necrophage
  3011 | D:4      | Reached XP level 6. HP: 32/32 MP: 0/11
  3448 | D:4      | Reached skill level 5 in Fire Magic
  3555 | D:4      | Reached skill level 4 in Spellcasting
  3677 | D:4      | Found a staircase to the Ecumenical Temple.
  3690 | Temple   | Entered the Ecumenical Temple
  3943 | D:4      | Found a glowing golden altar of the Shining One.
  4008 | D:4      | Reached XP level 7. HP: 11/36 MP: 1/13
  4262 | D:4      | Found Roanear's Antique Weapon Shop.
  4812 | D:5      | Entered Level 5 of the Dungeon
  4817 | D:5      | Reached skill level 5 in Spellcasting
  4932 | D:5      | Reached XP level 8. HP: 42/42 MP: 6/16
  5467 | D:5      | Reached skill level 1 in Fighting
  5797 | D:6      | Reached skill level 6 in Spellcasting
  6588 | D:6      | Found a runed translucent door.
  6589 | D:6      | Noticed Crazy Yiuf
  6596 | D:6      | Killed Crazy Yiuf
  6880 | D:6      | Reached skill level 7 in Spellcasting
  6882 | D:6      | Reached skill level 5 in Conjurations
  6882 | D:6      | Reached XP level 9. HP: 47/47 MP: 8/19
  6964 | D:6      | Found a hide-covered altar of Uskayaw.
  6964 | D:6      | Found a snail-covered altar of Cheibriados.
  7299 | D:7      | Noticed Pikel
  7319 | D:7      | Killed Pikel
  7451 | D:7      | Reached skill level 8 in Spellcasting
  8355 | D:8      | Reached XP level 10. HP: 50/52 MP: 18/22
  8376 | D:8      | Found a staircase to the Lair.
  8814 | D:8      | Reached skill level 9 in Spellcasting
  9863 | D:9      | Noticed a two-headed ogre
  9871 | D:9      | Killed a two-headed ogre
  9874 | D:9      | Noticed Prince Ribbit
  9876 | D:9      | HP: 2/52 [Prince Ribbit (5)]
  9896 | D:9      | Killed Prince Ribbit
 10088 | D:9      | Reached skill level 10 in Fire Magic
 10327 | D:9      | Found Bozueva's Weapon Boutique.
 10331 | D:9      | Noticed a two-headed ogre
 10348 | D:9      | Killed a two-headed ogre
 10349 | D:9      | Reached skill level 10 in Spellcasting
 10425 | D:9      | Noticed Harold
 10444 | D:9      | Killed Harold
 10445 | D:9      | Reached skill level 1 in Maces & Flails
 10445 | D:9      | Reached XP level 11. HP: 32/56 MP: 6/25
 11311 | D:9      | Learned a level 1 spell: Sting
 11351 | D:10     | Entered Level 10 of the Dungeon
 11530 | D:10     | Reached skill level 1 in Armour
 11684 | D:10     | Found an opulent altar of Gozag.
 11801 | D:10     | Noticed a two-headed ogre
 11806 | D:10     | Killed a two-headed ogre
 12406 | D:11     | Noticed Urug
 12418 | D:11     | Killed Urug
 12419 | D:11     | Reached skill level 1 in Earth Magic
 12722 | D:11     | Noticed Sonja
 12728 | D:11     | Killed Sonja
 12730 | D:11     | Noticed a two-headed ogre
 12738 | D:11     | Killed a two-headed ogre
 12739 | D:11     | Reached skill level 11 in Spellcasting
 13104 | Temple   | Became a worshipper of Vehumet
 13307 | D:11     | Found Josaw's Antique Armour Boutique.
 13461 | D:11     | Noticed a cyclops
 13468 | D:11     | Killed a cyclops
 14135 | D:12     | Found a staircase to the Orcish Mines.
 14165 | D:12     | Noticed a boulder beetle
 14176 | D:12     | Slain by a boulder beetle

Illustrated notes

Levels and vault maps discovered:
D:1:      scummos_arrival_star, layout_loops_ring
D:2:      cheibrodos_helix_gallery, layout_basic, serial_shops,
          nicolae_square_shop, st_stairs_13
D:3:      layout_rooms, mainiacjoe_overflow_boulevard,
          chequers_ecumenical_altar_simple
D:4:      layout_basic, tso_metal_star, minmay_temple_entry_overgrown,
          serial_shops, shop, chequers_serial_rivers_small_3, st_stairs_14,
          kennysheep_generic_room_15
D:5:      layout_rooms, hangedman_decor_clover_reticule
D:6:      layout_basic, gammafunk_temple_overflow_statue, supply_closet_lemuel,
          hex_tiny, chequers_hall_statues_wall_a, grunt_tough_drop,
          uniq_crazy_yiuf_cottage
D:7:      layout_cave_pools, uniq_pikel
D:8:      layout_loops_cross, erik_lair_orcish_takeover
D:9:      layout_rooms, minmay_shop_grid_forest, minmay_misc_feat_square,
          introduction_to_nature_2, uniq_prince_ribbit1, uniq_harold
D:10:     layout_cave_pools, lemuel_doored_altar
D:11:     layout_roguey, serial_shops, shop, uniq_sonja, uniq_urug
D:12:     layout_loops_ring, minmay_orc_entry_guard_dogs,
          nicolae_underground_beach
Temple:   minmay_crystal_spiral_temple

Skill      XL: |  1  2  3  4  5  6  7  8  9 10 11 |
---------------+----------------------------------+-----
Conjurations   | 2 3 4 5 6 7 9 |  9.2
Spellcasting   | 3 4 5 7 8 10 11 | 11.1
Fire Magic     | 4 5 6 7 8 10 | 10.9
Fighting       | 1 |  1.6
Dodging        | 2 |  2.6
Maces & Flails | 1 |  1.9
Armour         | 3 |  3.9
Earth Magic    | 3 |  3.6
Stealth        | |  2.1

Action                   |  1- 3 |  4- 6 |  7- 9 | 10-12 || total
-------------------------+-------+-------+-------+-------++-------
Melee: Club              |     4 |       |       |       ||     4
       Whip              |     5 |    17 |     3 |       ||    25
       Mace              |       |       |       |    43 ||    43
       Punch             |       |       |       |     1 ||     1
 Cast: Foxfire           |    53 |    85 |   224 |   178 ||   540
       Scorch            |     7 |     8 |    48 |    48 ||   111
       Flame Wave        |       |       |     1 |     9 ||    10
       Stone Arrow       |       |       |       |    48 ||    48
       Sting             |       |       |       |     7 ||     7
  Use: Scroll            |       |     6 |    12 |     7 ||    25
       Potion            |       |       |       |     1 ||     1
Armor: Robe              |     9 |     8 |    20 |    16 ||    53
       Leather armour    |       |       |       |    28 ||    28
Dodge: Dodged            |    14 |    32 |    34 |    40 ||   120
